 Dungeon Crawl Stone Soup version 0.18.1-50-g88ac8fd (webtiles) character file.

4155 Vatticson the Basher (level 10, 0/88 HPs)
             Began as a Minotaur Berserker on May 24, 2016.
             Was a High Priest of Trog.
             Succumbed to a killer bee's poison
             ... on level 8 of the Dungeon on Oct 7, 2016.
             The game lasted 00:56:21 (8036 turns).

Vatticson the Basher (Minotaur Berserker)           Turns: 8036, Time: 00:56:21

Health: 0/88       AC:  6    Str: 24    XL:     10   Next: 7%
Magic:  9/9        EV: 13    Int:  4    God:    Trog [*****.]
Gold:   410        SH:  0    Dex: 11    Spells: 0 memorised, 9 levels left

rFire  . . .     SeeInvis .     a - +0 mace (elec)
rCold  . . .     Gourm    +     i - +0 ring mail
rNeg   . . .     Faith    .     (no shield)
rPois  .         Spirit   .     (helmet restricted)
rElec  .         Dismiss  .     (no cloak)
rCorr  .         Reflect  .     (no gloves)
SustAt .         Harm     .     (no boots)
MR     .....                    g - amulet of the gourmand
Stlth  ++........               C - ring of stealth
                                A - +4 ring of slaying

@: lethally poisoned (0 -> -4), very slightly contaminated, invisible, not
resistant to hostile enchantments, unstealthy
A: retaliatory headbutt, horns 2
a: Berserk, Trog's Hand, Brothers in Arms, Burn Spellbooks, Renounce Religion


You were on level 8 of the Dungeon.
You worshipped Trog.
Trog was extremely pleased with you.
You were not hungry.

You visited 1 branch of the dungeon, and saw 8 of its levels.

You collected 410 gold pieces.

Inventory:

Hand Weapons
 a - a +0 mace of electrocution (weapon)
 l - a +0 spear
 B - a +0 hunting sling
Missiles
 f - 29 bolts
 n - 68 sling bullets
 o - 179 stones
 s - 16 tomahawks (quivered)
 N - a throwing net
Armour
 b - a +0 animal skin
 i - a +0 ring mail (worn)
 u - a +0 cloak
 M - a +2 large shield
 P - a +1 cloak
Magical Staves
 w - an uncursed staff of earth {unknown}
Rods
 h - a +2 rod of clouds (12/12)
   (You found it on level 7 of the Dungeon)
Jewellery
 g - an amulet of the gourmand (around neck)
 A - a +4 ring of slaying (left hand)
 C - a ring of stealth (right hand)
 O - an uncursed ring of poison resistance {unknown}
Wands
 x - a wand of acid (3/15)
 y - a wand of polymorph (23/24)
 z - a wand of random effects (30/48)
 G - a wand of disintegration (15/24)
 I - a wand of iceblast (10/15)
 K - a wand of digging (8/24)
Scrolls
 d - a scroll of noise
 k - 3 scrolls of teleportation
 q - 5 scrolls of remove curse
 r - 2 scrolls of enchant armour
 J - a scroll of enchant weapon {unknown}
Potions
 e - 3 potions of degeneration
 j - 3 potions of magic
 m - a potion of flight
 D - 2 potions of curing {unknown}
 E - a potion of invisibility
 F - 2 potions of mutation
Comestibles
 c - 2 bread rations
 p - a royal jelly
 v - 7 fruits
 H - 3 beef jerkies
 L - a meat ration


   Skills:
 * Level 8.1 Fighting
 - Level 13.0 Maces & Flails
 * Level 7.9 Armour
 + Level 5.2 Dodging


You had 9 spell levels left.
You didn't know any spells.

Dungeon Overview and Level Annotations

Branches:
Dungeon (8/15)             Temple (0/1) D:5
   Lair: D:8-11

Altars:
Trog
Vehumet
Yredelemnul
The Shining One


Innate Abilities, Weirdness & Mutations

You reflexively headbutt those who attack you in melee.
You have a pair of horns on your head.


Message History

You feel sick.
* * * LOW HITPOINT WARNING * * *
You feel sick.
* * * LOW HITPOINT WARNING * * *
You feel sick.
* * * LOW HITPOINT WARNING * * *
You feel sick.
You are a level 10 Minotaur Berserker.
You are 7% of the way to level 11.
Play time: 00:56:13 (8033 turns) Eat which item? (? for menu, Esc to quit)
* * * LOW HITPOINT WARNING * * *
You feel sick.
You continue eating.
* * * LOW HITPOINT WARNING * * *
You feel sick.
You continue eating.
* * * LOW HITPOINT WARNING * * *
You feel sick.
You finish eating.
That meat ration really hit the spot!
You die...

#.#####. #yy#..#
#.##.... #yy..#
#.##.#.# #y#
#.##.#.# #y#
######.##.#.# #y#
#....#.##.#.#####.##
#..........).......#
.#.<..†.#(..[).##
#.#.##@###.###.# #
#>#.## ##.##.## #..#
#....# ### #.###...#
#. ###.# #. [.. #.
### #


There were no monsters in sight!

Vanquished Creatures
  A queen bee (D:8)
  Prince Ribbit (D:5)
  The ghost of Elystan the Shield-Bearer, an amateur FoFi of Cheibriados (D:4)
  An orc warrior (D:7)
  8 sky beasts
  3 ice beasts
  3 phantoms (D:7)
  2 ogres
  The ghost of appiemonkey the Skirmisher, an amateur DsFi (D:3)
  A centaur (D:6)
  3 giant frogs (D:6)
  A gnoll sergeant (D:7)
  3 scorpions
  8 killer bees (D:8)
  3 wights (D:7)
  2 howler monkeys (D:7)
  A crimson imp (D:6)
  A giant frog zombie (D:5)
  3 hounds
  2 jellies (D:7)
  2 orc priests
  4 orc wizards
  Crazy Yiuf (D:7)
  2 iguanas (D:7)
  6 worker ants
  4 gnolls (D:7)
  15 adders
  3 shadow imps
  An ooze (D:2)
  An adder skeleton (D:7)
  4 worms
  4 dart slugs (D:1)
  3 giant geckos
  31 orcs
  5 giant cockroaches
  2 gnoll zombies (D:2)
  6 goblins
  8 hobgoblins
  11 jackals
  3 quokkas
  2 ball pythons (D:2)
  11 bats
  A giant gecko skeleton (D:4)
  2 giant newts
  A jackal zombie (D:5)
  8 kobolds
  9 rats
199 creatures vanquished.

Notes
Turn   | Place    | Note
--------------------------------------------------------------
     0 | D:1      | Vatticson the Minotaur Berserker began the quest for the Orb.
     0 | D:1      | Reached XP level 1. HP: 19/19 MP: 0/0
    21 | D:1      | Reached XP level 2. HP: 22/27 MP: 1/1
    71 | D:1      | Reached skill level 4 in Maces & Flails
   137 | D:1      | Upgraded the game from 0.18.1-8-gdd0e5ea to 0.18.1-47-g9310371
   137 | D:1      | Upgraded the game from 0.18.1-47-g9310371 to 0.18.1-50-g88ac8fd
   944 | D:1      | Reached XP level 3. HP: 33/33 MP: 2/2
   952 | D:1      | Reached ** piety under Trog
  1266 | D:2      | Found a faded altar to an unknown god.
  1381 | D:2      | Found a glowing golden altar of the Shining One.
  1402 | D:2      | Reached skill level 5 in Maces & Flails
  1561 | D:2      | Found a basalt altar of Yredelemnul.
  1656 | D:2      | Reached XP level 4. HP: 40/40 MP: 3/3
  1941 | D:2      | Noticed a moth of wrath
  1943 | D:2      | Found a bloodstained altar of Trog.
  2359 | D:2      | Reached *** piety under Trog
  2359 | D:2      | Reached skill level 6 in Maces & Flails
  2688 | D:3      | Noticed appiemonkey's ghost (amateur DsFi)
  2700 | D:3      | Killed appiemonkey's ghost
  2700 | D:3      | Reached skill level 7 in Maces & Flails
  2700 | D:3      | Reached XP level 5. HP: 37/46 MP: 4/4
  3045 | D:3      | Reached XP level 6. HP: 52/52 MP: 5/5
  3353 | D:3      | Reached **** piety under Trog
  3467 | D:4      | Reached skill level 8 in Maces & Flails
  3828 | D:4      | Noticed Elystan's ghost (amateur FoFi)
  3848 | D:4      | Killed Elystan's ghost
  3848 | D:4      | Reached skill level 9 in Maces & Flails
  4141 | D:4      | Reached XP level 7. HP: 59/59 MP: 6/6
  4416 | D:5      | Entered Level 5 of the Dungeon
  4449 | D:5      | Noticed Prince Ribbit
  4454 | D:5      | Killed Prince Ribbit
  4454 | D:5      | Reached skill level 10 in Maces & Flails
  4559 | D:5      | Found a staircase to the Ecumenical Temple.
  4584 | D:5      | Reached skill level 11 in Maces & Flails
  4723 | D:5      | Reached XP level 8. HP: 32/66 MP: 7/7
  5228 | D:6      | Reached skill level 12 in Maces & Flails
  5714 | D:6      | Reached skill level 5 in Fighting
  6217 | D:7      | Reached XP level 9. HP: 74/75 MP: 8/8
  6277 | D:7      | Reached skill level 5 in Armour
  6675 | D:7      | Gained mutation: You possess an exceptional clarity of mind. [potion of mutation]
  6675 | D:7      | Gained mutation: Your mind is acute. (Int +2) [potion of mutation]
  6675 | D:7      | Gained mutation: Your spells are a little easier to cast, but a little less powerful. [potion of mutation]
  6730 | D:7      | Reached ***** piety under Trog
  6772 | D:7      | Found a radiant altar of Vehumet.
  7312 | D:7      | Noticed Crazy Yiuf
  7317 | D:7      | Killed Crazy Yiuf
  7967 | D:8      | Reached skill level 13 in Maces & Flails
  7999 | D:8      | Noticed a queen bee
  7999 | D:8      | Reached skill level 5 in Dodging
  8018 | D:8      | Killed a queen bee
  8018 | D:8      | Reached XP level 10. HP: 36/88 MP: 9/9
  8025 | D:8      | Lost mutation: You possess an exceptional clarity of mind. [potion of cure mutation]
  8025 | D:8      | Lost mutation: Your mind is acute. (Int +2) [potion of cure mutation]
  8025 | D:8      | Lost mutation: Your spells are a little easier to cast, but a little less powerful. [potion of cure mutation]
  8031 | D:8      | HP: 4/88 [poisoned by a killer bee]
  8035 | D:8      | HP: 1/88 [poisoned by a killer bee]
  8036 | D:8      | Succumbed to a killer bee's poison

Skill      XL: |  1  2  3  4  5  6  7  8  9 |
---------------+----------------------------+-----
Fighting       | 4 5 8 |  8.1
Maces & Flails | 4 5 7 9 11 12 13 | 13.0
Armour         | 4 7 |  7.9
Dodging        | 3 5 |  5.2

Action                   |  1- 3 |  4- 6 |  7- 9 | 10-12 || total
-------------------------+-------+-------+-------+-------++-------
Melee: Mace              |    77 |   164 |   239 |     2 ||   482
       Headbutt          |    15 |    28 |    46 |     1 ||    90
Throw: Tomahawk          |       |     1 |       |       ||     1
Invok: Trog's Hand       |       |     1 |       |       ||     1
Evoke: Wand              |       |       |     2 |       ||     2
  Use: Potion            |     4 |     1 |     4 |     2 ||    11
       Scroll            |     1 |    13 |     7 |       ||    21
 Stab: Sleeping          |       |       |     2 |       ||     2
       Invisible         |       |       |     1 |       ||     1
  Eat: Bread ration      |     1 |     2 |     2 |       ||     5
       Meat ration       |       |       |       |     1 ||     1
Armor: Animal skin       |     8 |       |       |       ||     8
       Ring mail         |    10 |    62 |    47 |     1 ||   120
Dodge: Dodged            |    39 |    88 |   102 |     4 ||   233
